 Dungeon Crawl Stone Soup version 0.31-a0-149-g3fdcc5976a (webtiles) character file.

Game seed: 17686540410278271312

18715 qw the Marksminotaur (level 12, -1/112 HPs)
             Began as a Minotaur Hunter on June 7, 2023.
             Was an Elder of Okawaru.
             Slain by a skyshark (11 damage)
             ... on level 4 of the Lair of Beasts.
             The game lasted 00:05:16 (14453 turns).

qw the Marksminotaur (Minotaur Hunter)             Turns: 14453, Time: 00:05:17

Health: -1/112     AC: 10    Str: 16    XL:     12   Next: 30%
Magic:  15/16      EV: 17    Int: 10    God:    Okawaru [****..]
Gold:   625        SH:  0    Dex: 17    Spells: 11/11 levels left

rFire   + . .        Y - +2 orcbow (heavy)
rCold   . . .        (shield currently unavailable)
rNeg    . . .        b - +0 ring mail
rPois   .            (helmet restricted)
rElec   .            o - scarf {repulsion}
rCorr   .            m - +0 pair of gloves
SInv    .            i - +0 pair of boots
Will    +....        (no amulet)
Stlth   +++          n - ring of protection from fire
HPRegen 0.38/turn    (no ring)
MPRegen 0.15/turn

%: repel missiles
@: heroic
A: horns 2, retaliatory headbutt, talons 1, clever 1, strong-willed 1
a: Renounce Religion, Heroism, Finesse


You were on level 4 of the Lair of Beasts.
You worshipped Okawaru.
Okawaru was greatly pleased with you.
You visited 3 branches of the dungeon, and saw 14 of its levels.
You also visited: Ossuary.

You collected 625 gold pieces.


Innate Abilities, Weirdness & Mutations

You have a pair of horns on your head.
You reflexively headbutt those who attack you in melee.
You have sharp toenails.
Your mind is acute. (Int +4, Str/Dex -1)
You are strong-willed. (Will+)


   Skills:
 - Level 12.0(17.0) Fighting
 - Level 16.0(21.0) Ranged Weapons
 - Level 6.1(11.1) Armour
 + Level 7.0(12.0) Dodging
 - Level 0.7(5.7) Stealth
 + Level 7.3 Invocations


You had 11 spell levels left.
You didn't know any spells.
Your spell library was empty.

Inventory:

Hand Weapons
 Y - a +2 heavy orcbow (weapon)
Armour
 b - a +0 ring mail (worn)
 h - a +0 cloak
 i - a +0 pair of boots (worn)
 m - a +0 pair of gloves (worn)
 o - a scarf of repulsion (worn)
Jewellery
 n - a ring of protection from fire (left hand)
Scrolls
 a - a scroll of identify
Potions
 c - a potion of berserk rage {unknown}
 d - 3 potions of mutation
 f - a potion of might
 g - a potion of cancellation {unknown}
 j - a potion of magic {unknown}
 k - a potion of curing
 l - a potion of haste {unknown}

Dungeon Overview and Level Annotations

Branches:
Dungeon (9/15)             Temple (1/1) D:5            Lair (4/5) D:9
  Swamp (0/4) Lair:2       Spider (0/4) Lair:2      Ossuary (visited)
  Slime: Lair:4-5       Orc: D:9-12

Altars:
Ashenzari
Cheibriados
Dithmenos
Elyvilon
Fedhas
Gozag
Hepliaklqana
Kikubaaqudgha
Makhleb
Nemelex Xobeh
Okawaru
Qazlal
Sif Muna
Trog
Uskayaw
Vehumet
Wu Jian
Xom
Yredelemnul
Zin
The Shining One

Annotations:
D:7 1 runed translucent door, qw's ghost, novice GrFi


Message History

The skyshark barely misses you. The skyshark closely misses you.
The skyshark tail-slaps you!
You shoot an arrow. The arrow barely misses the skyshark.
The arrow hits the death yak!!
The death yak is moderately wounded.
The skyshark bites you!
The skyshark tastes blood and grows stronger!
The skyshark tail-slaps you! The skyshark closely misses you.
You shoot an arrow. The arrow hits the skyshark!
The skyshark is moderately wounded.
The skyshark misses you. You furiously retaliate!
You headbutt the skyshark. The skyshark misses you.
The skyshark tail-slaps you.
You shoot an arrow. The arrow hits the skyshark!!
The skyshark is heavily wounded.
The skyshark bites you but does no damage.
The skyshark tail-slaps you. The skyshark completely misses you.
You shoot an arrow.
The arrow hits the skyshark but does no damage.
The skyshark is heavily wounded.
The skyshark bites you!!
The skyshark enters a blood-rage!
The skyshark tail-slaps you. The skyshark barely misses you.
The death yak barely misses you.
You shoot an arrow.
The arrow hits the skyshark but does no damage.
The skyshark is heavily wounded.
The skyshark bites you! The skyshark completely misses you.
The skyshark tail-slaps you. The skyshark bites you.
The skyshark closely misses you. The skyshark tail-slaps you!
The death yak barely misses you.
14452 ||| DRINKING 2 potions of heal wounds.
You feel much better. The skyshark bites you!! The skyshark tail-slaps you.
The skyshark tail-slaps you but does no damage.
The death yak gores you!! The skyshark completely misses you.
You furiously retaliate!
You headbutt the skyshark! The skyshark barely misses you.
The skyshark misses you.
14453 ||| DRINKING potion of heal wounds.
You feel much better. The skyshark bites you! The skyshark tail-slaps you!
You die...

####..###
#.#..##.###
#.........#
.
#........+.
.
##........#
#.........#
#..##.'#.##
###.##..Y#
####.@#.#
##lY.#
YY.## ..Y.#
......
.......#
........#
........##


You could see 5 death yaks and a skyshark (berserk).

Vanquished Creatures
  A hydra (Lair:3)
  A wolf spider (Lair:2)
  10 elephants
  9 cane toads
  2 torpor snails
  Prince Ribbit (D:5)
  8 blink frogs
  2 dream sheep (Lair:2)
  A culicivora (Lair:2)
  19 yaks
  A wyvern (Lair:1)
  A redback (Lair:2)
  8 water moccasins
  Duvessa (D:7)
  2 orc warriors (D:7)
  A sky beast (D:6)
  2 black bears
  An ice beast (D:6)
  9 wolves
  An ogre (D:6)
  3 centaurs
  3 kobold brigands
  5 bullfrogs
  A gnoll sergeant (D:8)
  5 scorpions
  7 wights
  Dowan (D:7)
  10 killer bees
  4 howler monkeys
  7 centaur zombies (Ossuary)
  2 hounds
  5 jellies
  9 orc priests
  A sleepcap (D:7)
  An iguana (D:5)
  17 orc wizards
  5 mummies (Ossuary)
  Robin (D:2)
  8 gnolls
  11 adders
  2 ufetubi (D:5)
  3 worms
  A dart slug (D:1)
  25 orcs
  10 ball pythons
  6 bats
  18 endoplasms
  3 giant cockroaches
  18 goblins
  11 hobgoblins
  2 jackals (D:1)
  4 quokkas
  3 frilled lizards
  24 kobolds
  4 rats
321 creatures vanquished.

Notes
Turn   | Place    | Note
-------+----------+-------------------------------------------
     0 | D:1      | qw the Minotaur Hunter began the quest for the Orb.
     0 | D:1      | Reached XP level 1. HP: 18/18 MP: 0/0
     0 | D:1      | 0 ||| qw: Version: 0.2-a-117-gc6b5c8b
     0 | D:1      | 0 ||| qw: Game counter: 2633
     0 | D:1      | 0 ||| qw: Always use a shield: true
     0 | D:1      | 0 ||| qw: God list: Okawaru
     0 | D:1      | 0 ||| qw: Allow faded altars: false
     0 | D:1      | 0 ||| qw: Do Orc after D:15 true
     0 | D:1      | 0 ||| qw: Do second Lair branch before Depths: true
     0 | D:1      | 0 ||| qw: Lair rune preference: random
     0 | D:1      | 0 ||| qw: Plans: Normal
     0 | D:1      | 0 ||| PLANNING D:1-11
    71 | D:1      | Reached XP level 2. HP: 25/25 MP: 1/1
   101 | D:1      | Reached skill level 5 in Ranged Weapons
   244 | D:1      | Reached skill level 3 in Fighting
   273 | D:1      | Reached XP level 3. HP: 31/31 MP: 2/2
   330 | D:1      | Found a faded altar of an unknown god.
   651 | D:1      | 651 ||| UPGRADING to amulet of guardian spirit.
   656 | D:1      | 656 ||| READING scroll labelled NIREUR VUMUPHU.
   657 | D:1      | 657 ||| READING scroll labelled AMAECE WIJOLO.
   658 | D:1      | 658 ||| READING scroll labelled ZEYGUA KUPNU AMM.
   659 | D:1      | 659 ||| READING scroll labelled ADONAI WOLISAB.
   660 | D:1      | 660 ||| DROPPING scroll of butterflies.
   814 | D:2      | Noticed Robin
   819 | D:2      | Killed Robin
   834 | D:2      | Reached XP level 4. HP: 25/38 MP: 3/3
   836 | D:2      | 836 ||| FLEEEEING.
   837 | D:2      | 837 ||| FLEEEEING.
   838 | D:2      | 838 ||| FLEEEEING.
   839 | D:2      | 839 ||| FLEEEEING.
   840 | D:2      | 840 ||| FLEEEEING.
   841 | D:2      | 841 ||| FLEEEEING.
   842 | D:2      | 842 ||| FLEEEEING.
   843 | D:2      | 843 ||| FLEEEEING.
   844 | D:2      | 844 ||| FLEEEEING.
   845 | D:2      | 845 ||| FLEEEEING.
   848 | D:2      | 848 ||| FLEEEEING.
   849 | D:2      | 849 ||| FLEEEEING.
   850 | D:2      | 850 ||| FLEEEEING.
   851 | D:2      | 851 ||| FLEEEEING.
   852 | D:2      | 852 ||| FLEEEEING.
   853 | D:2      | 853 ||| FLEEEEING.
   854 | D:2      | 854 ||| FLEEEEING.
   855 | D:2      | 855 ||| FLEEEEING.
   861 | D:2      | 861 ||| FLEEEEING.
   862 | D:2      | 862 ||| FLEEEEING.
   866 | D:2      | 866 ||| FLEEEEING.
   867 | D:2      | 867 ||| FLEEEEING.
   868 | D:2      | 868 ||| FLEEEEING.
   869 | D:2      | 869 ||| FLEEEEING.
   870 | D:2      | 870 ||| FLEEEEING.
   871 | D:2      | 871 ||| FLEEEEING.
   871 | D:2      | HP: 9/38 [orc wizard/puff of flame (7)]
   872 | D:2      | 872 ||| FLEEEEING.
   873 | D:2      | 873 ||| FLEEEEING.
   874 | D:2      | 874 ||| FLEEEEING.
   875 | D:2      | 875 ||| FLEEEEING.
   876 | D:2      | 876 ||| FLEEEEING.
   879 | D:2      | 879 ||| FLEEEEING.
   880 | D:2      | 880 ||| FLEEEEING.
   881 | D:2      | 881 ||| FLEEEEING.
   882 | D:2      | 882 ||| FLEEEEING.
   883 | D:2      | 883 ||| STAIRDANCE
   981 | D:1      | 981 ||| UPGRADING to +0 ring mail.
   991 | D:1      | 991 ||| DROPPING +0 leather armour.
   992 | D:1      | 992 ||| READING scroll labelled POCRAI OMOAP.
   995 | D:1      | 995 ||| READING scroll labelled HAREXE UTEMUG.
   996 | D:1      | 996 ||| DRINKING 3 sedimented ruby potions.
  1055 | D:2      | Reached skill level 1 in Armour
  1101 | D:2      | Reached skill level 6 in Ranged Weapons
  1178 | D:2      | Reached XP level 5. HP: 46/46 MP: 4/4
  1236 | D:2      | Reached skill level 7 in Ranged Weapons
  1237 | D:2      | HP: 11/46 [frozen (4)]
  1717 | D:3      | Reached XP level 6. HP: 41/52 MP: 5/5
  2327 | D:3      | 2327 ||| UPGRADING to +0 cloak.
  2332 | D:3      | 2332 ||| READING scroll labelled ZUDOL GUOQE.
  2333 | D:3      | 2333 ||| DRINKING 2 orange potions.
  2334 | D:3      | 2334 ||| READING 2 scrolls of identify.
  2334 | D:3      | 2334 ||| IDENTIFYING silvery potion
  2335 | D:3      | 2335 ||| DROPPING potion of lignification.
  2466 | D:4      | 2466 ||| Stepping ~*~*~tactically~*~*~ (outnumbered).
  2472 | D:4      | 2472 ||| Stepping ~*~*~tactically~*~*~ (outnumbered).
  2480 | D:4      | 2480 ||| DRINKING 3 potions of curing.
  2480 | D:4      | 2480 ||| (to cure confusion)
  2482 | D:4      | HP: 12/52 [orc priest/divine providence (11)]
  2483 | D:4      | 2483 ||| READING scroll of teleportation.
  2484 | D:4      | 2484 ||| DRINKING potion of heal wounds.
  2487 | D:4      | Reached skill level 8 in Ranged Weapons
  2488 | D:4      | 2488 ||| DRINKING 2 potions of curing.
  2488 | D:4      | 2488 ||| (to cure confusion)
  3312 | D:4      | Reached XP level 7. HP: 24/61 MP: 3/6
  3475 | D:4      | 3475 ||| SWAPPING to +0 orcbow.
  3476 | D:4      | 3476 ||| DROPPING +1 shortbow of freezing.
  3477 | D:4      | 3477 ||| UPGRADING to +0 pair of boots.
  3482 | D:4      | 3482 ||| READING scroll labelled AHELUSTRY KAUDU.
  3495 | D:5      | Entered Level 5 of the Dungeon
  3566 | D:5      | 3566 ||| FLEEEEING.
  3567 | D:5      | 3567 ||| FLEEEEING.
  3568 | D:5      | 3568 ||| FLEEEEING.
  3570 | D:5      | 3570 ||| FLEEEEING.
  3571 | D:5      | 3571 ||| FLEEEEING.
  3572 | D:5      | 3572 ||| FLEEEEING.
  3573 | D:5      | 3573 ||| FLEEEEING.
  3574 | D:5      | 3574 ||| FLEEEEING.
  3575 | D:5      | 3575 ||| FLEEEEING.
  3576 | D:5      | 3576 ||| FLEEEEING.
  3577 | D:5      | 3577 ||| FLEEEEING.
  3578 | D:5      | 3578 ||| FLEEEEING.
  3579 | D:5      | 3579 ||| FLEEEEING.
  3580 | D:5      | 3580 ||| FLEEEEING.
  3581 | D:5      | 3581 ||| FLEEEEING.
  3582 | D:5      | 3582 ||| FLEEEEING.
  3585 | D:5      | 3585 ||| FLEEEEING.
  3586 | D:5      | 3586 ||| FLEEEEING.
  3587 | D:5      | 3587 ||| FLEEEEING.
  3588 | D:5      | 3588 ||| FLEEEEING.
  3589 | D:5      | 3589 ||| FLEEEEING.
  3590 | D:5      | 3590 ||| FLEEEEING.
  3591 | D:5      | 3591 ||| FLEEEEING.
  3592 | D:5      | 3592 ||| FLEEEEING.
  3594 | D:5      | 3594 ||| FLEEEEING.
  3595 | D:5      | 3595 ||| FLEEEEING.
  3596 | D:5      | 3596 ||| FLEEEEING.
  3597 | D:5      | 3597 ||| FLEEEEING.
  3598 | D:5      | 3598 ||| FLEEEEING.
  3599 | D:5      | 3599 ||| FLEEEEING.
  3600 | D:5      | 3600 ||| FLEEEEING.
  3602 | D:5      | 3602 ||| STAIRDANCE
  3657 | D:5      | 3657 ||| STAIRDANCE
  3796 | D:5      | Reached skill level 3 in Dodging
  4186 | D:5      | Found a staircase to the Ecumenical Temple.
  4187 | D:5      | 4187 ||| PLANNING TEMPLE
  4187 | D:5      | 4187 ||| READING scroll labelled NEPREA NEHEKK.
  4188 | D:5      | 4188 ||| DRINKING 2 viscous silvery potions.
  4189 | D:5      | 4189 ||| READING 2 scrolls of identify.
  4189 | D:5      | 4189 ||| IDENTIFYING murky black potion
  4190 | D:5      | 4190 ||| DROPPING potion of attraction.
  4191 | D:5      | 4191 ||| DROPPING potion of brilliance.
  4193 | D:5      | 4193 ||| FLEEEEING.
  4198 | D:5      | Noticed Prince Ribbit
  4207 | D:5      | 4207 ||| DRINKING potion of curing.
  4207 | D:5      | 4207 ||| (to cure confusion)
  4210 | D:5      | Killed Prince Ribbit
  4211 | D:5      | Reached skill level 9 in Ranged Weapons
  4219 | D:5      | HP: 15/61 [something (2)]
  4220 | D:5      | 4220 ||| DRINKING potion of heal wounds.
  4237 | D:5      | Reached XP level 8. HP: 33/70 MP: 2/7
  4319 | D:5      | Reached skill level 6 in Fighting
  4364 | Temple   | Entered the Ecumenical Temple
  4431 | Temple   | 4431 ||| PLANNING OKAWARU WORSHIP
  4665 | Temple   | Became a worshipper of Warmaster Okawaru
  4665 | Temple   | 4665 ||| PLANNING D:1-11
  4666 | Temple   | 4666 ||| REMOVING amulet of guardian spirit.
  4671 | Temple   | 4671 ||| DROPPING amulet of guardian spirit.
  5192 | D:6      | 5192 ||| PLANNING OSSUARY
  5206 | D:6      | Reached skill level 10 in Ranged Weapons
  5228 | D:6      | Reached skill level 3 in Armour
  5260 | D:6      | 5260 ||| READING scroll of brand weapon.
  5260 | D:6      | 5260 ||| BRANDING +0 orcbow.
  5297 | D:6      | Found a sand-covered staircase.
  5302 | Ossuary  | Entered an ossuary
  5370 | Ossuary  | Reached * piety under Okawaru
  5371 | Ossuary  | 5371 ||| FLEEEEING.
  5372 | Ossuary  | 5372 ||| FLEEEEING.
  5373 | Ossuary  | 5373 ||| FLEEEEING.
  5387 | Ossuary  | Reached skill level 1 in Invocations
  5396 | Ossuary  | 5396 ||| FLEEEEING.
  5397 | Ossuary  | 5397 ||| FLEEEEING.
  5443 | Ossuary  | 5443 ||| READING scroll of enchant weapon.
  5443 | Ossuary  | 5443 ||| ENCHANTING +0 orcbow of flaming.
  5461 | Ossuary  | 5461 ||| READING scroll labelled OTSONU KEAN.
  5462 | Ossuary  | 5462 ||| READING scroll labelled JUWUHAT BAMO.
  5463 | Ossuary  | 5463 ||| DRINKING 2 fizzy blue potions.
  5463 | Ossuary  | Gained mutation: You have sharp toenails. [potion of
                  | mutation]
  5463 | Ossuary  | Gained mutation: You are strong-willed. (Will+) [potion of
                  | mutation]
  5463 | Ossuary  | Gained mutation: Your mind is acute. (Int +4, Str/Dex -1)
                  | [potion of mutation]
  5472 | D:6      | 5472 ||| PLANNING D:1-11
  5548 | D:6      | 5548 ||| INVOKING Heroism.
  5703 | D:6      | Reached skill level 3 in Invocations
  5713 | D:6      | Reached XP level 9. HP: 79/79 MP: 10/10
  6023 | D:6      | 6023 ||| READING scroll labelled CISTUBLYFA.
  6044 | D:7      | 6044 ||| INVOKING Heroism.
  6067 | D:7      | 6067 ||| STAIRDANCE
  6069 | D:6      | 6069 ||| INVOKING Heroism.
  6344 | D:7      | 6344 ||| INVOKING Heroism.
  6472 | D:7      | Reached skill level 11 in Ranged Weapons
  6684 | D:7      | 6684 ||| READING scroll of brand weapon.
  6684 | D:7      | 6684 ||| BRANDING +1 orcbow of flaming.
  6908 | D:7      | Noticed Dowan
  6908 | D:7      | Noticed Duvessa
  6909 | D:7      | 6909 ||| INVOKING Heroism.
  6910 | D:7      | 6910 ||| Stepping ~*~*~tactically~*~*~ (outnumbered).
  6916 | D:7      | Killed Dowan
  6925 | D:7      | Killed Duvessa
  6970 | D:7      | 6970 ||| INVOKING Heroism.
  7221 | D:7      | 7221 ||| INVOKING Heroism.
  7239 | D:7      | Found a snail-covered altar of Cheibriados.
  7411 | D:7      | Found a runed translucent door.
  7426 | D:7      | Noticed qw's ghost (novice GrFi)
  7441 | D:7      | Reached skill level 12 in Ranged Weapons
  7445 | D:7      | 7445 ||| INVOKING Heroism.
  7449 | D:7      | HP: 19/79 [poisoned by a killer bee]
  7450 | D:7      | 7450 ||| READING 2 scrolls of teleportation.
  7454 | D:7      | HP: 10/79 [poisoned by a killer bee]
  7459 | D:7      | HP: 6/79 [poisoned by a killer bee]
  7680 | D:7      | 7680 ||| READING 2 scrolls of identify.
  7680 | D:7      | 7680 ||| IDENTIFYING sedimented dark potion
  7681 | D:7      | 7681 ||| DROPPING potion of enlightenment.
  7696 | D:8      | 7696 ||| INVOKING Heroism.
  7698 | D:8      | 7698 ||| Stepping ~*~*~tactically~*~*~ (outnumbered).
  7730 | D:8      | 7730 ||| STAIRDANCE
  7844 | D:8      | 7844 ||| STAIRDANCE
  7884 | D:8      | 7884 ||| STAIRDANCE
  7886 | D:7      | 7886 ||| INVOKING Heroism.
  8039 | D:8      | 8039 ||| STAIRDANCE
  8041 | D:7      | 8041 ||| INVOKING Heroism.
  8096 | D:8      | 8096 ||| STAIRDANCE
  8138 | D:8      | 8138 ||| STAIRDANCE
  8146 | D:7      | Reached XP level 10. HP: 67/86 MP: 12/12
  8235 | D:8      | Found an ancient bone altar of Kikubaaqudgha.
  8249 | D:8      | 8249 ||| Stepping ~*~*~tactically~*~*~ (outnumbered).
  8261 | D:8      | 8261 ||| FLEEEEING.
  8262 | D:8      | 8262 ||| FLEEEEING.
  8263 | D:8      | 8263 ||| FLEEEEING.
  8267 | D:8      | 8267 ||| FLEEEEING.
  8268 | D:8      | 8268 ||| FLEEEEING.
  8269 | D:8      | 8269 ||| FLEEEEING.
  8270 | D:8      | 8270 ||| FLEEEEING.
  8271 | D:8      | 8271 ||| FLEEEEING.
  8272 | D:8      | 8272 ||| STAIRDANCE
  8393 | D:8      | Found a shimmering blue altar of Sif Muna.
  8477 | D:8      | 8477 ||| DRINKING 3 red potions.
  8478 | D:8      | 8478 ||| DROPPING 2 potions of degeneration.
  8487 | D:8      | 8487 ||| READING scroll of enchant weapon.
  8487 | D:8      | 8487 ||| ENCHANTING +1 orcbow of draining.
  8672 | D:7      | Reached skill level 13 in Ranged Weapons
  8777 | D:7      | 8777 ||| Stepping ~*~*~tactically~*~*~ (outnumbered).
  8779 | D:7      | 8779 ||| Stepping ~*~*~tactically~*~*~ (outnumbered).
  8907 | D:7      | 8907 ||| UPGRADING to +0 pair of gloves.
  9065 | D:8      | 9065 ||| READING scroll labelled IZAZXOT BIUD.
  9274 | D:9      | Found a stormy altar of Qazlal.
  9335 | D:9      | Found a staircase to the Lair.
  9461 | D:9      | 9461 ||| INVOKING Heroism.
  9815 | D:9      | 9815 ||| PLANNING LAIR
  9815 | D:9      | 9815 ||| UPGRADING to ring of protection from fire.
  9816 | D:9      | 9816 ||| READING 3 scrolls of identify.
  9816 | D:9      | 9816 ||| IDENTIFYING fuming silvery potion
  9817 | D:9      | 9817 ||| READING 2 scrolls of identify.
  9817 | D:9      | 9817 ||| IDENTIFYING lumpy red potion
  9818 | D:9      | 9818 ||| DROPPING potion of ambrosia.
  9850 | Lair:1   | Entered Level 1 of the Lair of Beasts
  9869 | Lair:1   | Noticed an elephant
  9869 | Lair:1   | Noticed an elephant
  9870 | Lair:1   | Noticed an elephant
  9870 | Lair:1   | Noticed an elephant
  9871 | Lair:1   | Noticed an elephant
  9875 | Lair:1   | Noticed an elephant
  9876 | Lair:1   | Killed an elephant
  9877 | Lair:1   | Reached skill level 9 in Fighting
  9887 | Lair:1   | Killed an elephant
  9887 | Lair:1   | Reached ** piety under Okawaru
  9888 | Lair:1   | 9888 ||| INVOKING Heroism.
  9896 | Lair:1   | HP: 18/91 [elephant (5)]
  9897 | Lair:1   | 9897 ||| READING 2 scrolls of teleportation.
  9898 | Lair:1   | 9898 ||| DRINKING potion of heal wounds.
 10247 | Lair:1   | Killed an elephant
 10260 | Lair:1   | 10260 ||| INVOKING Heroism.
 10269 | Lair:1   | Reached skill level 14 in Ranged Weapons
 10301 | Lair:1   | 10301 ||| FLEEEEING.
 10304 | Lair:1   | 10304 ||| FLEEEEING.
 10305 | Lair:1   | 10305 ||| FLEEEEING.
 10306 | Lair:1   | 10306 ||| FLEEEEING.
 10307 | Lair:1   | 10307 ||| FLEEEEING.
 10308 | Lair:1   | 10308 ||| INVOKING Heroism.
 10319 | Lair:1   | Killed an elephant
 10320 | Lair:1   | Reached skill level 6 in Dodging
 10321 | Lair:1   | HP: 17/91 [blink frog (11)]
 10322 | Lair:1   | 10322 ||| READING scroll of teleportation.
 10326 | Lair:1   | HP: 5/91 [blink frog (13)]
 10328 | Lair:1   | 10328 ||| INVOKING Heroism.
 10574 | Lair:1   | Noticed a cane toad
 10575 | Lair:1   | 10575 ||| INVOKING Heroism.
 10581 | Lair:1   | Killed a cane toad
 10784 | Lair:1   | 10784 ||| INVOKING Heroism.
 10794 | Lair:1   | Reached XP level 11. HP: 99/99 MP: 11/13
 10824 | Lair:1   | 10824 ||| INVOKING Heroism.
 10913 | Lair:1   | Reached *** piety under Okawaru
 11568 | Lair:1   | 11568 ||| READING scroll labelled ANU CYX ZOI.
 11724 | Lair:2   | Found a staircase to the Swamp.
 11815 | Lair:2   | Reached skill level 15 in Ranged Weapons
 11826 | Lair:2   | 11826 ||| INVOKING Heroism.
 11828 | Lair:2   | Reached skill level 6 in Armour
 11907 | Lair:2   | 11907 ||| INVOKING Heroism.
 11952 | Lair:2   | 11952 ||| INVOKING Heroism.
 12064 | Lair:2   | 12064 ||| INVOKING Heroism.
 12404 | Lair:2   | Reached skill level 16 in Ranged Weapons
 12410 | Lair:2   | 12410 ||| INVOKING Heroism.
 12418 | Lair:2   | Reached **** piety under Okawaru
 12570 | Lair:2   | Noticed a wolf spider
 12571 | Lair:2   | 12571 ||| INVOKING Heroism.
 12583 | Lair:2   | Killed a wolf spider
 12755 | Lair:2   | Found a hole to the Spider Nest.
 13071 | Lair:2   | 13071 ||| UPGRADING to scarf of repulsion.
 13167 | Lair:3   | Found a frozen archway.
 13168 | Lair:3   | 13168 ||| INVOKING Heroism.
 13399 | Lair:3   | 13399 ||| INVOKING Heroism.
 13439 | Lair:3   | 13439 ||| INVOKING Heroism.
 13444 | Lair:3   | Reached skill level 6 in Invocations
 13444 | Lair:3   | Reached XP level 12. HP: 32/110 MP: 12/15
 13445 | Lair:3   | HP: 24/110 [elephant (8)]
 13446 | Lair:3   | 13446 ||| READING scroll of teleportation.
 13835 | Lair:3   | Noticed a six-headed hydra
 13836 | Lair:3   | 13836 ||| INVOKING Heroism.
 13846 | Lair:3   | Killed a six-headed hydra
 13858 | Lair:3   | 13858 ||| INVOKING Heroism.
 13975 | Lair:3   | 13975 ||| READING scroll of brand weapon.
 13975 | Lair:3   | 13975 ||| BRANDING +2 orcbow of draining.
 14394 | Lair:4   | Reached ***** piety under Okawaru
 14402 | Lair:4   | 14402 ||| FLEEEEING.
 14404 | Lair:4   | 14404 ||| FLEEEEING.
 14406 | Lair:4   | 14406 ||| INVOKING Heroism.
 14413 | Lair:4   | Reached skill level 12 in Fighting
 14444 | Lair:4   | Noticed a death yak
 14444 | Lair:4   | Noticed a death yak
 14444 | Lair:4   | Noticed a death yak
 14445 | Lair:4   | 14445 ||| INVOKING Heroism.
 14445 | Lair:4   | Noticed a death yak
 14445 | Lair:4   | Noticed a death yak
 14451 | Lair:4   | HP: 25/112 [skyshark (10)]
 14452 | Lair:4   | 14452 ||| DRINKING 2 potions of heal wounds.
 14452 | Lair:4   | HP: 2/112 [death yak (22)]
 14453 | Lair:4   | 14453 ||| DRINKING potion of heal wounds.
 14453 | Lair:4   | Slain by a skyshark

Levels and vault maps discovered:
D:1:      lemuel_arrival_river_ford, layout_basic,
          chequers_ecumenical_altar_simple
D:2:      cheibrodos_fertilizer, layout_rooms, minmay_small_reverse_x,
          uniq_robin
D:3:      layout_loops_ring, minmay_misc_feat_x, kennysheep_generic_room_5
D:4:      layout_basic
D:5:      layout_loops_corners, minmay_temple_entry_glass, minmay_crystal_room,
          uniq_prince_ribbit1
D:6:      layout_basic, nicolae_ossuary_entry_ruins
D:7:      layout_basic, mainiacjoe_overflow_tiny_flanked, gammafunk_ghost_grave,
          uniq_duvessa
D:8:      layout_cave_pools, lemuel_crystal_altar, led_sif_pool
D:9:      layout_long_grid, nicolae_qazlal_scattered_showers, lair_entry_dummy
Temple:   minmay_temple_bridge_d
Lair:1:   layout_layer_cave
Lair:2:   layout_small_grid, swamp_mist, spider_nest_entry_funnel_web,
          chequers_serial_rivers_room_a, minivault_27
Lair:3:   layout_cave_pods, portal_ice_cave_entry_pillars_1,
          infiniplex_staircase_pool_2
Lair:4:   layout_roguey, dpeg_slime_entry_enclosed, serial_bayou_shore_b,
          lemuel_fruit_tree

Skill      XL: |  1  2  3  4  5  6  7  8  9 10 11 12 |
---------------+-------------------------------------+-----
Ranged Weapons | 5 6 7 8 9 10 12 14 16 | 16.0
Fighting       | 3 4 5 7 8 10 11 12 | 12.0
Armour         | 1 2 3 4 5 6 |  6.1
Dodging        | 3 5 6 7 |  7.0
Invocations    | 3 4 6 7 |  7.3
Stealth        | |  0.7

Action                     |  1- 3 |  4- 6 |  7- 9 | 10-12 || total
---------------------------+-------+-------+-------+-------++-------
   Fire: Shortbow          |    95 |   173 |       |       ||   268
         Orcbow            |       |       |   326 |   519 ||   845
 Invoke: Heroism           |       |       |    11 |    21 ||    32
    Use: Scroll            |     4 |     5 |    11 |     9 ||    29
         Potion            |       |     5 |     4 |     4 ||    13
 Armour: Leather armour    |     4 |       |       |       ||     4
         Ring mail         |       |    38 |    92 |   125 ||   255
  Dodge: Dodged            |    19 |    43 |   170 |   220 ||   452

Table legend:
 A = Non-vault XP
 B = Vault XP
 C = Vault XP percentage of total XP
 D = Non-vault monster count
 E = Vault monster count
 F = Vault count percentage of total count
                 A         B        C        D         E       F
            +---------+---------+-------+---------+---------+-------
      Total |   24710 |    2026 |   7.6 |     267 |      54 |  16.8
            +---------+---------+-------+---------+---------+-------
        D:1 |      44 |       0 |   0.0 |      25 |       0 |   0.0
        D:2 |     115 |     203 |  63.8 |      17 |      36 |  67.9
        D:3 |      66 |       0 |   0.0 |      15 |       0 |   0.0
        D:4 |     376 |       0 |   0.0 |      23 |       0 |   0.0
        D:5 |     473 |     283 |  37.4 |      15 |       1 |   6.2
        D:6 |    1000 |       0 |   0.0 |      17 |       0 |   0.0
        D:7 |    1886 |     211 |  10.1 |      40 |       2 |   4.8
        D:8 |    1337 |       0 |   0.0 |      31 |       0 |   0.0
        D:9 |     350 |       0 |   0.0 |      14 |       0 |   0.0
     Lair:1 |    6281 |       0 |   0.0 |      22 |       0 |   0.0
     Lair:2 |    4787 |     919 |  16.1 |      22 |       3 |  12.0
     Lair:3 |    6914 |       0 |   0.0 |      22 |       0 |   0.0
     Lair:4 |    1081 |       0 |   0.0 |       4 |       0 |   0.0
    Ossuary |       0 |     410 | 100.0 |       0 |      12 | 100.0
            +---------+---------+-------+---------+---------+-------
